TOP OF THE 1ST |
Kansas City Royals batting - Pitching for Texas Rangers : RHP Kendall Graveman
|
Pitching: RHP Kendall Graveman
|
|
Batting: LHB Raimel Tapia
|
0-0: Ball 1-0: Ground out U3 (Groundball, 34)
|
Batting: RHB Ronald Torreyes
|
0-0: Ball 1-0: Foul Ball, location: 2F 1-1: Foul Ball, location: 2F 1-2: Foul Ball, location: 2F 1-2: SINGLE (Line Drive, 9S)
|
Batting: LHB Joe Mauer
|
0-0: Swinging Strike 0-1: Ball 1-1: Called Strike 1-2: Ball 2-2: Grounds into double play, 4-6-3 (Groundball, 4)
|
Top of the 1st over - 0 runs, 1 hit, 0 errors, 0 left on base; Kansas City 0 - Texas 0 |
BOTTOM OF THE 1ST |
Texas Rangers batting - Pitching for Kansas City Royals : RHP Jordan Zimmermann
|
Pitching: RHP Jordan Zimmermann
|
|
Batting: LHB Ender Inciarte
|
0-0: Ball 1-0: Ball 2-0: Called Strike 2-1: Called Strike 2-2: Foul Ball, location: 2F 2-2: Foul Ball, location: 2F 2-2: Fly out, F7 (Flyball, 7D)
|
Batting: SHB Cesar Hernandez
|
0-0: Fly out, F9 (Flyball, 9S)
|
Batting: LHB Bryce Harper
|
0-0: Ball 1-0: DOUBLE (Flyball, 8RXD)
|
Batting: LHB Eric Thames
|
0-0: Swinging Strike 0-1: Swinging Strike 0-2: Ball 1-2: SINGLE (Line Drive, 89M) Bryce Harper to third Runner from 3rd tries for Home, SAFE, throw by CF to home
|
Batting: SHB Jeimer Candelario
|
0-0: Ball 1-0: Called Strike 1-1: Foul Ball, location: 2F 1-2: Strikes out swinging
|
Bottom of the 1st over - 1 run, 2 hits, 0 errors, 1 left on base; Kansas City 0 - Texas 1 |
TOP OF THE 2ND |
Kansas City Royals batting - Pitching for Texas Rangers : RHP Kendall Graveman
|
Batting: LHB Lonnie Chisenhall
|
0-0: Ball 1-0: Foul Ball, location: 2F 1-1: Ball 2-1: SINGLE (Flyball, 78M)
|
Batting: LHB Luis Valbuena
|
0-0: Foul Ball, location: 2F 0-1: Fly out, F6 (Line Drive, 6)
|
Batting: RHB Albert Pujols
|
0-0: Ball Wild Pitch! Lonnie Chisenhall to second 1-0: Called Strike 1-1: Fly out, F4 (Popup, 34S)
|
Batting: LHB Jesse Winker
|
0-0: Called Strike 0-1: Ball 1-1: DOUBLE (Flyball, 8RXD) Lonnie Chisenhall scores
|
Batting: SHB Jurickson Profar
|
0-0: Ball 1-0: Foul Ball, location: 2F 1-1: SINGLE (Groundball, 4MD) Jesse Winker to third Runner from 3rd tries for Home, SAFE, no throw by CF
|
Batting: RHB Kevin Plawecki
|
0-0: Ball 1-0: Called Strike 1-1: Called Strike 1-2: SINGLE (Groundball, 4MD) Jurickson Profar to second
|
Batting: LHB Raimel Tapia
|
0-0: Called Strike 0-1: Swinging Strike 0-2: Strikes out swinging
|
Top of the 2nd over - 2 runs, 4 hits, 0 errors, 2 left on base; Kansas City 2 - Texas 1 |
BOTTOM OF THE 2ND |
Texas Rangers batting - Pitching for Kansas City Royals : RHP Jordan Zimmermann
|
Batting: LHB Joc Pederson
|
0-0: Ball 1-0: Foul Ball, location: 2F 1-1: Foul Ball, location: 2F 1-2: Ball 2-2: Ball 3-2: Fly out, F8 (Flyball, 8RS)
|
Batting: RHB Andrelton Simmons
|
0-0: Ground out 6-3 (Groundball, 6)
|
Batting: SHB Asdrubal Cabrera
|
0-0: SINGLE (Groundball, 56D)
|
Batting: LHB Miguel Montero
|
0-0: Ball 1-0: Swinging Strike 1-1: Ball 2-1: Foul Ball, location: 2F 2-2: Ground out 1-3 (Groundball, 23)
|
Bottom of the 2nd over - 0 runs, 1 hit, 0 errors, 1 left on base; Kansas City 2 - Texas 1 |
TOP OF THE 3RD |
Kansas City Royals batting - Pitching for Texas Rangers : RHP Kendall Graveman
|
Batting: RHB Ronald Torreyes
|
0-0: Called Strike 0-1: Ball 1-1: Foul Ball, location: 2F 1-2: Ball 2-2: Ground out 6-3 (Groundball, 6)
|
Batting: LHB Joe Mauer
|
0-0: Ball 1-0: Ground out 5-3 (Groundball, 5L)
|
Batting: LHB Lonnie Chisenhall
|
0-0: Ground out 4-3 (Groundball, 4)
|
Top of the 3rd over - 0 runs, 0 hits, 0 errors, 0 left on base; Kansas City 2 - Texas 1 |
BOTTOM OF THE 3RD |
Texas Rangers batting - Pitching for Kansas City Royals : RHP Jordan Zimmermann
|
Batting: LHB Ender Inciarte
|
0-0: Called Strike 0-1: Ball 1-1: Foul Ball, location: 2F 1-2: Ball 2-2: SINGLE (Line Drive, 6MD)
|
Batting: SHB Cesar Hernandez
|
0-0: Called Strike 0-1: Ball 1-1: Called Strike 1-2: Ball 2-2: Strikes out looking
|
Batting: LHB Bryce Harper
|
0-0: Ball Ender Inciarte to 3rd Ender Inciarte to third 1-0: Ball 2-0: Ball 3-0: Called Strike 3-1: Foul Ball, location: 2F 3-2: Fly out, F9 (Line Drive, 9) Runner from 3rd tags up, OUT at HOME! 9-2
|
Bottom of the 3rd over - 0 runs, 1 hit, 1 error, 0 left on base; Kansas City 2 - Texas 1 |
TOP OF THE 4TH |
Kansas City Royals batting - Pitching for Texas Rangers : RHP Kendall Graveman
|
Batting: LHB Luis Valbuena
|
0-0: Called Strike 0-1: Ball 1-1: SINGLE (Groundball, 4D)
|
Batting: RHB Albert Pujols
|
0-0: Called Strike 0-1: Called Strike 0-2: Fly out, F9 (Flyball, 9D)
|
Batting: LHB Jesse Winker
|
0-0: Called Strike 0-1: Ball 1-1: Ball 2-1: Foul Ball, location: 2F 2-2: Ball 3-2: Foul Ball, location: 2F 3-2: DOUBLE (Line Drive, 9LD) Luis Valbuena to third
|
Batting: SHB Jurickson Profar
|
0-0: Fly out, F8 (Line Drive, 8RD) Runner from 3rd tags up, SCORES, throw by CF
|
Batting: RHB Kevin Plawecki
|
0-0: Called Strike 0-1: Ball 1-1: Swinging Strike 1-2: Ball 2-2: Ball 3-2: Base on Balls
|
Batting: LHB Raimel Tapia
|
0-0: Foul Ball, location: 2F 0-1: Fly out, F9 (Flyball, 9S)
|
Top of the 4th over - 1 run, 2 hits, 0 errors, 2 left on base; Kansas City 3 - Texas 1 |
BOTTOM OF THE 4TH |
Texas Rangers batting - Pitching for Kansas City Royals : RHP Jordan Zimmermann
|
Batting: LHB Eric Thames
|
0-0: Ball 1-0: Ball 2-0: Ball 3-0: Called Strike 3-1: Fly out, F5 (Popup, 5SF)
|
Batting: SHB Jeimer Candelario
|
0-0: Ball 1-0: Ball 2-0: SOLO HOME RUN (Flyball, 78XD), Distance : 406 ft
|
Batting: LHB Joc Pederson
|
0-0: Ball 1-0: Ball 2-0: Called Strike 2-1: Ball 3-1: Ground out 4-3 (Groundball, 4M)
|
Batting: RHB Andrelton Simmons
|
0-0: Ball 1-0: Called Strike 1-1: Foul Ball, location: 2F 1-2: Fly out, F6 (Popup, 6)
|
Bottom of the 4th over - 1 run, 1 hit, 0 errors, 0 left on base; Kansas City 3 - Texas 2 |
TOP OF THE 5TH |
Kansas City Royals batting - Pitching for Texas Rangers : RHP Kendall Graveman
|
Batting: RHB Ronald Torreyes
|
0-0: Ball 1-0: Called Strike 1-1: Swinging Strike 1-2: Ball 2-2: Ball 3-2: Foul Ball, location: 2F 3-2: Ground out 6-3 (Groundball, 6)
|
Batting: LHB Joe Mauer
|
0-0: Called Strike 0-1: Ball 1-1: Ball 2-1: Swinging Strike 2-2: Strikes out swinging
|
Batting: LHB Lonnie Chisenhall
|
0-0: Swinging Strike 0-1: Ball 1-1: Ball 2-1: Swinging Strike 2-2: Strikes out swinging
|
Top of the 5th over - 0 runs, 0 hits, 0 errors, 0 left on base; Kansas City 3 - Texas 2 |
BOTTOM OF THE 5TH |
Texas Rangers batting - Pitching for Kansas City Royals : RHP Jordan Zimmermann
|
Batting: SHB Asdrubal Cabrera
|
0-0: Ball 1-0: Ball 2-0: Foul Ball, location: 2F 2-1: Ground out U3 (Groundball, 3)
|
Batting: LHB Miguel Montero
|
0-0: Ball 1-0: Called Strike 1-1: Ball 2-1: Foul Ball, location: 2F 2-2: Strikes out looking
|
Batting: LHB Ender Inciarte
|
0-0: Ball 1-0: Foul Ball, location: 2F 1-1: Ball 2-1: Ball 3-1: Ground out 6-3 (Groundball, 6)
|
Bottom of the 5th over - 0 runs, 0 hits, 0 errors, 0 left on base; Kansas City 3 - Texas 2 |
TOP OF THE 6TH |
Kansas City Royals batting - Pitching for Texas Rangers : RHP Kendall Graveman
|
Batting: LHB Luis Valbuena
|
0-0: Ball 1-0: Ground out 4-3 (Groundball, 4S)
|
Batting: RHB Albert Pujols
|
0-0: DOUBLE (Line Drive, 78D)
|
Batting: LHB Jesse Winker
|
0-0: Called Strike 0-1: Called Strike 0-2: Foul Ball, location: 2F 0-2: Ball 1-2: Ball 2-2: Ball 3-2: Base on Balls
|
Batting: SHB Jurickson Profar
|
0-0: Ball 1-0: Ball 2-0: Ball 3-0: Base on Balls Albert Pujols to third Jesse Winker to second
|
Pitching: RHP Matt Bowman
|
|
Batting: RHB Kevin Plawecki
|
0-0: Ball 1-0: Called Strike 1-1: Ball 2-1: Foul Ball, location: 2F 2-2: Strikes out swinging
|
Batting: LHB Raimel Tapia
|
0-0: SINGLE (Groundball, 4MD) Albert Pujols scores Jesse Winker to third Jurickson Profar to second Runner from 3rd tries for Home, SAFE, throw by CF to home
|
Batting: RHB Ronald Torreyes
|
0-0: Called Strike 0-1: Fielders Choice at 2nd, 6-4 (Groundball, 6)
|
Top of the 6th over - 2 runs, 2 hits, 0 errors, 2 left on base; Kansas City 5 - Texas 2 |
BOTTOM OF THE 6TH |
Texas Rangers batting - Pitching for Kansas City Royals : RHP Jordan Zimmermann
|
Batting: SHB Cesar Hernandez
|
0-0: Ball 1-0: Foul Ball, location: 2F 1-1: Fly out, F6 (Popup, 56)
|
Batting: LHB Bryce Harper
|
0-0: Swinging Strike 0-1: Ball 1-1: Foul Ball, location: 2F 1-2: Ground out U3 (Groundball, 34)
|
Batting: LHB Eric Thames
|
0-0: Ball 1-0: Ball 2-0: Ball 3-0: Base on Balls
|
Batting: SHB Jeimer Candelario
|
0-0: Ball 1-0: 2-RUN HOME RUN (Flyball, 9D), Distance : 368 ft
|
Pitching: RHP Adam Ottavino
|
|
Batting: LHB Joc Pederson
|
0-0: Foul Ball, location: 2F 0-1: Swinging Strike 0-2: Foul Ball, location: 2F 0-2: Hit by Pitch
|
Batting: RHB Andrelton Simmons
|
0-0: Foul Ball, location: 2F 0-1: Ball 1-1: Fly out, F8 (Line Drive, 8LM)
|
Bottom of the 6th over - 2 runs, 1 hit, 0 errors, 1 left on base; Kansas City 5 - Texas 4 |
TOP OF THE 7TH |
Kansas City Royals batting - Pitching for Texas Rangers : RHP Matt Bowman
|
Batting: LHB Joe Mauer
|
0-0: Ball 1-0: Ball 2-0: Called Strike 2-1: Ball 3-1: Base on Balls
|
Batting: LHB Lonnie Chisenhall
|
0-0: Ball 1-0: Called Strike 1-1: Ground out 3-1 (Groundball, 34S) Joe Mauer to second
|
Batting: LHB Luis Valbuena
|
0-0: Ball 1-0: Ball 2-0: Foul Ball, location: 2F 2-1: Called Strike 2-2: Strikes out swinging
|
Batting: RHB Albert Pujols
|
0-0: Ball 1-0: Ball 2-0: Called Strike 2-1: Ball 3-1: Foul Ball, location: 2F 3-2: Foul Ball, location: 2F 3-2: Fly out, F6 (Line Drive, 6)
|
Top of the 7th over - 0 runs, 0 hits, 0 errors, 1 left on base; Kansas City 5 - Texas 4 |
BOTTOM OF THE 7TH |
Texas Rangers batting - Pitching for Kansas City Royals : RHP Adam Ottavino
|
Pitching: RHP Kelvin Herrera
|
|
Batting: SHB Asdrubal Cabrera
|
0-0: Swinging Strike 0-1: Ball 1-1: Foul Ball, location: 2F 1-2: Ball 2-2: Ground out 2-3 (Groundball, 2L)
|
Batting: LHB Miguel Montero
|
0-0: Called Strike 0-1: Ball 1-1: Ball 2-1: Foul Ball, location: 2F 2-2: Foul Ball, location: 2F 2-2: Ball 3-2: Foul Ball, location: 2F 3-2: Fly out, F7 (Flyball, 7D)
|
Batting: LHB Ender Inciarte
|
0-0: Fly out, F8 (Flyball, 78D)
|
Bottom of the 7th over - 0 runs, 0 hits, 0 errors, 0 left on base; Kansas City 5 - Texas 4 |
TOP OF THE 8TH |
Kansas City Royals batting - Pitching for Texas Rangers : RHP Matt Bowman
|
Pitching: LHP Andrew Chafin
|
|
Batting: LHB Jesse Winker
|
0-0: Called Strike 0-1: Ball 1-1: Ball 2-1: Swinging Strike 2-2: Strikes out looking
|
Batting: SHB Jurickson Profar
|
0-0: Called Strike 0-1: Ball 1-1: Ground out 5-3 (Groundball, 5S)
|
Batting: RHB Kevin Plawecki
|
0-0: Foul Ball, location: 2F 0-1: Ground out 5-3 (Groundball, 56)
|
Top of the 8th over - 0 runs, 0 hits, 0 errors, 0 left on base; Kansas City 5 - Texas 4 |
BOTTOM OF THE 8TH |
Texas Rangers batting - Pitching for Kansas City Royals : RHP Kelvin Herrera
|
Pitching: RHP Arodys Vizcaino
|
|
Batting: SHB Cesar Hernandez
|
0-0: SINGLE (Line Drive, 78S)
|
Batting: LHB Bryce Harper
|
0-0: Ball 1-0: Called Strike 1-1: Foul Ball, location: 2F 1-2: Strikes out looking
|
Batting: LHB Eric Thames
|
0-0: Ball 1-0: Ball 2-0: Foul Ball, location: 2F 2-1: Swinging Strike 2-2: Ball 3-2: Base on Balls Cesar Hernandez to second
|
Batting: SHB Jeimer Candelario
|
0-0: Fly out, F4 (Line Drive, 4)
|
Batting: LHB Joc Pederson
|
0-0: Ball 1-0: Ball 2-0: Ground out U3 (Groundball, 34)
|
Bottom of the 8th over - 0 runs, 1 hit, 0 errors, 2 left on base; Kansas City 5 - Texas 4 |
TOP OF THE 9TH |
Kansas City Royals batting - Pitching for Texas Rangers : LHP Andrew Chafin
|
Pitching: LHP Marc Rzepczynski
|
|
Batting: LHB Raimel Tapia
|
0-0: Called Strike 0-1: Ball 1-1: Ball 2-1: Foul Ball, location: 2F 2-2: Strikes out looking
|
Batting: RHB Ronald Torreyes
|
0-0: Ball 1-0: Called Strike 1-1: Fly out, F9 (Line Drive, 9)
|
Batting: LHB Joe Mauer
|
0-0: Called Strike 0-1: Ground out U3 (Groundball, 3)
|
Top of the 9th over - 0 runs, 0 hits, 0 errors, 0 left on base; Kansas City 5 - Texas 4 |
BOTTOM OF THE 9TH |
Texas Rangers batting - Pitching for Kansas City Royals : RHP Arodys Vizcaino
|
Pitching: RHP Carl Edwards Jr.
|
|
Batting: RHB Andrelton Simmons
|
0-0: Called Strike 0-1: Ground out 6-3 (Groundball, 6M)
|
Batting: SHB Asdrubal Cabrera
|
0-0: Called Strike 0-1: Foul Ball, location: 2F 0-2: Strikes out swinging
|
Batting: LHB Miguel Montero
|
0-0: Ball 1-0: Fly out, F4 (Popup, 34D)
|
Bottom of the 9th over - 0 runs, 0 hits, 0 errors, 0 left on base; Kansas City 5 - Texas 4 |
|